 Dungeon Crawl Stone Soup version 0.27-a0-1308-gc08437e49b (webtiles) character file.

Game seed: 16402693046487010628

110 pkoi the Ruffian (level 4, -1/44 HPs)
             Began as a Troll Monk on June 18, 2021.
             Killed from afar by an orc wizard (5 damage)
             ... with a puff of flame
             ... on level 3 of the Dungeon.
             The game lasted 00:02:33 (1310 turns).

pkoi the Ruffian (Troll Monk)                       Turns: 1310, Time: 00:02:34

Health: -1/44      AC:  4    Str: 20    XL:     4   Next: 61%
Magic:  3/3        EV: 10    Int:  6    God:
Gold:   44         SH:  0    Dex: 12    Spells: 3/3 levels left

rFire    . . .     SeeInvis .     - Unarmed
rCold    . . .     Faith    .   (no shield)
rNeg     . . .     Spirit   .   a - +0 robe
rPois    .         Reflect  .   (helmet restricted)
rElec    .         Harm     .   (no cloak)
rCorr    .         Rampage  .   (gloves unavailable)
Will     .....                  (boots unavailable)
Stlth    ++........             (no amulet)
HPRegen  1.14/turn              (no ring)
MPRegen  0.08/turn              (no ring)

@: studying Maces & Flails
A: large, unfitting armour, claws 3, regeneration 1, shaggy fur 1, tough skin 1
a: no special abilities


You were on level 3 of the Dungeon.
You visited 1 branch of the dungeon, and saw 3 of its levels.

You collected 44 gold pieces.

Inventory:

Missiles
 i - 8 javelins (quivered)
Armour
 a - a +0 robe (worn)
Wands
 g - a wand of mindburst (6)
Scrolls
 d - a scroll of brand weapon {unknown}
 h - a scroll of magic mapping {unknown}
Potions
 b - a potion of flight {unknown}
 c - a potion of cancellation {unknown}
 e - a potion of curing {unknown}
 f - 2 potions of heal wounds {unknown}


   Skills:
 - Level 2.4 Fighting
 + Level 1.3 Throwing
 - Level 2.4 Dodging
 - Level 1.0 Stealth
 + Level 5.1 Unarmed Combat


You had 3 spell levels left.
You didn't know any spells.
Your spell library was empty.

Dungeon Overview and Level Annotations

Branches:
Dungeon (3/15)

Altars:
Fedhas


Innate Abilities, Weirdness & Mutations

You are too large for most types of armour.
You have claws for hands.
Your natural rate of healing is unusually fast.
You are covered in fur. (AC +1)
You have tough skin. (AC +1)


Message History

The orc wizard flickers and vanishes!
Deactivating autopickup; reactivate with Ctrl-A.
You claw the orc!
You kill the orc!
You completely miss the orc.
The orc is lightly wounded.
The orc hits you with a +0 hand axe.
You scratch the orc.
The orc is moderately wounded.
The orc hits you with a +0 hand axe.
You claw the orc!
You kill the orc!
You claw the endoplasm!
You kill the endoplasm!
Something hits you but does no damage.
Things that are here:
a +0 hand axe; a +0 leather armour; a +0 mace You barely miss something.
Something hits you but does no damage.
You closely miss something.
An orc comes into view. It is wielding a +0 morningstar.
You hear some strange, mumbled words.
A puff of flame appears from out of thin air!
The puff of flame hits you!
You barely miss something.
You hear some strange, mumbled words.
A magic dart appears from out of thin air!
The magic dart hits you!
* * * LOW HITPOINT WARNING * * *
You completely miss something.
The orc shouts!
You claw something.
You hear some strange, mumbled words.
A puff of flame appears from out of thin air!
The puff of flame hits you!
* * * LOW HITPOINT WARNING * * *
You closely miss something.
You hear some strange, mumbled words.
A puff of flame appears from out of thin air!
The puff of flame hits you.
You die...

......>............#####.##
###.........##........##.#
#.........##.###.##.##.#
...........##.# #.##.##.#
###............# #.##.##.#
#.........######.##.##.#
#<.....#.........##.##.#
#.######..#########.##.#
.......o..{@....#....#
######.#.######.######
#...## ##...# #.).# ##...#
#..... #...... #........


You could see an orc.

Vanquished Creatures
  An orc priest (D:3)
  2 adders (D:2)
  2 worms (D:2)
  5 orcs (D:3)
  3 ball pythons (D:1)
  2 endoplasms
  7 giant cockroaches
  3 goblins
  4 hobgoblins
  6 jackals (D:1)
  3 kobolds (D:1)
  2 quokkas (D:2)
  2 frilled lizards
  3 rats (D:1)
45 creatures vanquished.

Notes
Turn   | Place    | Note
-------+----------+-------------------------------------------
     0 | D:1      | pkoi the Troll Monk began the quest for the Orb.
     0 | D:1      | Reached XP level 1. HP: 22/22 MP: 0/0
   124 | D:1      | Reached XP level 2. HP: 29/29 MP: 1/1
   303 | D:1      | Reached skill level 4 in Unarmed Combat
   530 | D:1      | Reached XP level 3. HP: 36/36 MP: 2/2
   925 | D:2      | Found a blossoming altar of Fedhas.
   959 | D:2      | Found a faded altar of an unknown god.
  1193 | D:3      | Reached skill level 1 in Throwing
  1193 | D:3      | Reached skill level 5 in Unarmed Combat
  1193 | D:3      | Reached XP level 4. HP: 25/44 MP: 3/3
  1310 | D:3      | Killed from afar by an orc wizard

Illustrated notes

Levels and vault maps discovered:
D:1:      dpeg_arrival_more_subterranean_lakeside_camping, layout_basic
D:2:      layout_rooms, hellmonk_ecumenical_altar_pennies_from_heaven,
          basic_altar
D:3:      layout_basic

Skill      XL: |  1  2  3 |
---------------+----------+-----
Unarmed Combat | 4 5 |  5.1
Throwing       | 1 |  1.3
Fighting       | |  2.4
Dodging        | |  2.4
Stealth        | |  1.0

Action                   |  1- 3 |  4- 6 || total
-------------------------+-------+-------++-------
Melee: Unarmed           |   102 |    24 ||   126
       Punch             |       |     1 ||     1
 Stab: Sleeping          |     4 |       ||     4
Armor: Robe              |    37 |     9 ||    46
Dodge: Dodged            |    37 |     5 ||    42

Table legend: (Time is in decaauts)
 A = Elapsed time spent in this place.
 B = Non-inter-level travel time spent in this place.
 C = Inter-level travel time spent in this place.
 D = Time resting spent in this place.
 E = Time spent auto-exploring this place.
 F = Levels seen in this place.
 G = Mean time per level.
                   A        B        C        D        E       F      G
               +--------+--------+--------+--------+--------+-----+--------+
         Total |   1303 |   1272 |     31 |     17 |    996 |   3 |  434.3 |
       Dungeon |   1303 |   1272 |     31 |     17 |    996 |   3 |  434.3 |
               +--------+--------+--------+--------+--------+-----+--------+

Top non-repeatable levels by time:
     D:1: 699 daAuts
     D:2: 461 daAuts
     D:3: 142 daAuts
